 Dungeon Crawl Stone Soup version 0.31.0-11-ge490571c62 (webtiles) character file.

Game seed: 13248242876735190206

25 Sirius the Conjurer (level 2, -3/25 HPs)
             Began as a Draconian Reaver on Feb 4, 2024.
             Slain by Terence
             ... wielding a +0 hand axe
              (5 damage)
             ... on level 3 of the Dungeon.
             The game lasted 00:04:58 (581 turns).

Sirius the Conjurer (Draconian Reaver)               Turns: 581, Time: 00:04:59

Health: -3/25      AC:  4    Str: 14    XL:     2   Next: 86%
Magic:  5/5        EV: 12    Int: 13    God:
Gold:   57         SH:  0    Dex:  9    Spells: 4/5 levels left

rFire   . . .        a - +0 falchion
rCold   . . .        (no shield)
rNeg    . . .        (body armour unavailable)
rPois   .            (helmet restricted)
rElec   .            (no cloak)
rCorr   .            (no gloves)
SInv    .            (no boots)
Will    .....        (no amulet)
Stlth   +            (no ring)
HPRegen 0.24/turn    (no ring)
MPRegen 0.09/turn

%: no passive effects
@: no status effects
A: AC +4, unfitting armour, cold-blooded
a: no special abilities


You were on level 3 of the Dungeon.
You visited 1 branch of the dungeon, and saw 3 of its levels.

You collected 57 gold pieces.

Inventory:

Hand Weapons
 a - a +0 falchion (weapon)
 d - a +0 mace
 e - a +0 dagger
Missiles
 c - 24 stones
Armour
 g - an orb of energy
Jewellery
 f - a +6 ring of dexterity
Scrolls
 b - 2 scrolls of teleportation {unknown}


   Skills:
 + Level 2.3 Fighting
 + Level 3.3 Long Blades
 + Level 2.0 Dodging
 + Level 2.1 Spellcasting
 + Level 3.4 Conjurations


You had 4 spell levels left.
You knew the following spells:

 Your Spells              Type           Power      Damage    Failure   Level
a - Kiss of Death         Conj/Necr      20%        2d7       13%         1

Your spell library contained the following spells:

 Spells                   Type           Power      Damage    Failure   Level
 Momentum Strike          Conj/Tloc      10%        3d8       19%         2
 Hailstorm                Conj/Ice       5%         3d5       36%         3


Dungeon Overview and Level Annotations

Branches:
Dungeon (3/15)

Altars:

Annotations:
D:3 Terence


Innate Abilities, Weirdness & Mutations

Your plain brown scales are hard. (AC +4)
You cannot fit into any form of body armour.
You are cold-blooded and may be slowed by cold attacks.


Message History

Terence barely misses you. The quokka skeleton bites you.
The goblin misses you.
The ball python bites you but does no damage.
The ball python constricts you. The hound skeleton barely misses you.
The hound skeleton bites you.
You slash the ball python!
You kill the ball python!
Terence hits you with a +0 hand axe.
* * * LOW HITPOINT WARNING * * *
The hound skeleton misses you. The adder skeleton closely misses you.
The quokka skeleton bites you but does no damage.
The goblin misses you. The hound skeleton barely misses you.
The hound skeleton bites you.
* * * LOW HITPOINT WARNING * * *
Terence attacks as he pursues you! Terence hits you but does no damage.
The hound skeleton barely misses you.
The quokka skeleton completely misses you.
You see here a ball python corpse.
The hound skeleton bites you but does no damage.
The quokka skeleton attacks as it pursues you!
The quokka skeleton closely misses you. The hound skeleton barely misses you.
The hound skeleton attacks as it pursues you!
The hound skeleton barely misses you.
Found a spear.
Terence shouts, "Get ready for death!"
The quokka skeleton attacks as it pursues you!
The quokka skeleton closely misses you.
An adder zombie comes into view.
A ribbon worm comes into view.
The hound skeleton attacks as it pursues you!
The hound skeleton closely misses you. Terence hits you with a +0 hand axe.
* * * LOW HITPOINT WARNING * * *
Terence misses you.
You barely miss the goblin.
Your tail-slap misses the goblin.
Terence misses you.
You hit the goblin.
You kill the goblin!
The hound skeleton closely misses you. Terence hits you with a +0 hand axe.
You die...
Terence says, "Rest in peace."

.......<......#
##.......###.##
#.#...†...#.#
###...........#
.............##
...#..#ZZ8...#
..[....Z.....#
......Zg@....#
.......@Z....#
......Z.........
........######..
.......w. ..
.)......#
.........
.........
.........


You could see Terence, a ribbon worm, a ball python zombie, an adder zombie, a
hobgoblin, an adder skeleton, a quokka skeleton and 2 hound skeletons.

Vanquished Creatures
  An adder (D:2)
  2 dart slugs
  2 ball pythons
  A giant cockroach (D:1)
  2 goblins
  3 hobgoblins
  A bat (D:2)
  A rat (D:2)
13 creatures vanquished.

Notes
Turn   | Place    | Note
-------+----------+-------------------------------------------
     0 | D:1      | Sirius the Draconian Reaver began the quest for the Orb.
     0 | D:1      | Reached XP level 1. HP: 17/17 MP: 3/3
   336 | D:2      | Reached XP level 2. HP: 19/24 MP: 1/5
   562 | D:3      | Noticed Terence
   578 | D:3      | HP: 1/25 [Terence/+0 hand axe (3)]
   581 | D:3      | Slain by Terence

Illustrated notes

Levels and vault maps discovered:
D:1:      elethiomel_arrival_maze, layout_basic,
          hellmonk_ecumenical_altar_arch_garden
D:2:      layout_basic, nicolae_underground_beach
D:3:      layout_rooms, jmf_multi_god_temple,
          mainiacjoe_sewer_entry_somewhere_in_here_1, serial_undead,
          serial_undead_d, serial_undead_d, serial_undead_d, serial_undead_a,
          serial_shops, shop, uniq_jessica, uniq_terence

Skill      XL: |  1  2 |
---------------+-------+-----
Dodging        | 2 |  2.0
Fighting       | |  2.3
Long Blades    | |  3.3
Spellcasting   | |  2.1
Conjurations   | |  3.4

Action                     || total
---------------------------++-------
  Melee: Falchion          ||    42
         Tailslap          ||     5
   Cast: Kiss of Death     ||     1
 Armour: Skin              ||    49
  Dodge: Dodged            ||    61
